Map: 2000 Atmosphären LE

Players

K.I.-1 (Sehr leicht) - Winner!

  • Race: Protoss Protoss

Luca

  • Race: Terran Terran
  • League: Master

VOD

Have the link to the VOD?

Description

Time

  • Played on: March 15, 2022, 4:12 a.m.
  • Length: 1:38
Show
View Real Time Build Order
Export as new Build Order

K.I.-1 (Sehr leicht) Protoss - Winner!

Build Orders:  

Get SALT Encoding   

  12  0:00  Probe  
  13  0:13  Probe  
  14  0:19  Pylon  
  14  0:36  Assimilator  
  14  0:43  Gateway  
  14  0:46  Pylon  
  14  1:14  Assimilator  
  14  1:24  Probe  
  14  1:32  Cybernetics Core  
Show
View Real Time Build Order
Export as new Build Order

Luca Terran 

Build Orders:  

Get SALT Encoding   

  12  0:00  SCV  
  13  0:13  SCV  
  14  0:18  Supply Depot  
  14  0:25  SCV  
  15  0:40  Barracks  
  15  0:49  Refinery  
  15  0:59  Barracks  
  15  1:12  Barracks  
  15  1:20  Refinery  
Tags
 
Add a new tag
Caveats
  • Supply blocks, unpowered buildings, or Contaminate may cause inaccurate times.
  • Supply counts are checked every 10 seconds.